 Dungeon Sprint DCSS version 0.27.1-34-g3ba077fa99 (webtiles) character file.

Game seed: 2247619538545755203

551474 Arum the Conqueror (level 24, -9/227 HPs)
             Began as a Formicid Fighter on Jan 15, 2022.
             Was the Champion of Okawaru.
             Killed from afar by Cerebov (35 damage)
             ... with a great blast of fire
             ... in the Dungeon (Sprint IX: "|||||||||||||||||||||||||||||") on Jan 16, 2022.
             The game lasted 00:39:08 (14503 turns).

Arum the Conqueror (Formicid Fighter)              Turns: 14503, Time: 00:39:10

Health: -9/227     AC: 44    Str: 35    XL:     24   Next: 18%
Magic:  15/18      EV: 19    Int: 10    God:    Okawaru [******]
Gold:   1585       SH: 39    Dex: 13    Spells: 77/77 levels left

rFire    + . .     SeeInvis +   N - +7 lajatang (antimagic)
rCold    + + .     Faith    .   O - +5 tower shield
rNeg     + + .     Spirit   .   y - +6 gold dragon scales
rPois    +         Reflect  +   (helmet unavailable)
rElec    +         Harm     .   J - +1 cloak
rCorr    +         Rampage  ∞   F - +1 pair of gloves {Dex+3}
Will     +++..                  L - +3 pair of seven-league boots {Rampage+∞}
Stlth    ..........             w - amulet of reflection
HPRegen  0.47/turn              M - ring of Onosool {rElec rF- rN++ Slay+3 SInv}
MPRegen  0.16/turn              a - ring of Dithmenos's Reproof {rElec Will+ Str+3 Int+3}

@: mighty, lethally poisoned (-9 -> -9), resistant, finesse-ful, silenced
A: permanent stasis, dig shafts and tunnels, antennae 3, four strong arms, dopey
1, evolution 1
}: 9/17 runes: decaying, serpentine, barnacled, slimy, elven, silver, golden,
abyssal, gossamer
a: Dig, Renounce Religion


You were in the Dungeon.
You worshipped Okawaru.
Okawaru was exalted by your worship.
You visited 1 branch You collected 1963 gold pieces.
You spent 378 gold pieces at shops.

Inventory:

Hand Weapons
 j - a +8 quarterstaff of speed
 m - a +3 lajatang of pain
 n - a +3 lajatang
 r - the +5 quarterstaff "Xalub" {flame, *Slow rF++ Will+ Int+2}
   (Okawaru gifted it to you in the Dungeon)

   It burns those it strikes, dealing additional fire damage.
   Int:       It affects your intelligence (+2).
   rF:        It greatly protects you from fire.
   *Slow:     It may slow you when you take damage.
   Will:      It increases your willpower.
 C - the +9 quarterstaff "Orb Guardian's Foe" {vorpal, Str+6}
   (Okawaru gifted it to you in the Dungeon)

   It inflicts extra damage upon your enemies.
   Str:       It affects your strength (+6).
 N - a +7 antimagic lajatang (weapon)
Missiles
 l - 11 curare-tipped darts
 v - 4 silver javelins (quivered)
 D - 2 throwing nets
 E - 44 javelins
Armour
 y - +6 gold dragon scales (worn)
 F - a +1 pair of gloves of dexterity (worn)
 J - a +1 cloak (worn)
 L - the +3 pair of seven-league boots (worn) {Rampage+∞}
   (You found it in the Dungeon)

   Its wearer moves as far as possible in that direction when moving towards
   enemies.
 O - a +5 tower shield (worn)
 P - the +15 Maxwell's patent armour {-Cast -Tele rElec Will+ rCorr}
   (You found it in the Dungeon)

   rElec:     It insulates you from electricity.
   -Cast:     It prevents spellcasting.
   -Tele:     It prevents most forms of teleportation.
   rCorr:     It protects you from acid and corrosion.
   Will:      It increases your willpower.
Jewellery
 a - the ring of Dithmenos's Reproof (right hand) {rElec Will+ Str+3 Int+3}
   (You found it in the Dungeon)

   [ring of intelligence]

   Str:       It affects your strength (+3).
   Int:       It affects your intelligence (+3).
   rElec:     It insulates you from electricity.
   Will:      It increases your willpower.
 f - a +4 ring of protection
 w - an amulet of reflection (around neck)
 x - a ring of poison resistance
 G - a +4 ring of evasion
 H - the ring "Catemubb" {rC+ Will- Int+10 Dex+2}
   (You found it in the Dungeon)

   [ring of protection from cold]

   Int:       It affects your intelligence (+10).
   Dex:       It affects your dexterity (+2).
   rC:        It protects you from cold.
   Will:      It decreases your willpower.
 I - the amulet "Komimn" {Faith rElec rC- rN+ Dex+2}
   (You found it in the Dungeon)

   [amulet of faith]

   It allows you to gain divine favour quickly.
   Dex:       It affects your dexterity (+2).
   rC:        It makes you vulnerable to cold.
   rElec:     It insulates you from electricity.
   rN:        It protects you from negative energy.
 K - the ring "Vatrujawk" {MP+9 EV+3 Str+5 SInv}
   (You found it in the Dungeon)

   [ring of evasion]

   EV:        It affects your evasion (+3).
   Str:       It affects your strength (+5).
   MP:        It affects your magic capacity (+9).
   SInv:      It lets you see invisible.
 M - the ring of Onosool (left hand) {rElec rF- rN++ Slay+3 SInv}
   (You found it in the Dungeon)

   [ring of slaying]

   Slay:      It affects your accuracy & damage with ranged weapons and melee
   (+3).
   rF:        It makes you vulnerable to fire.
   rElec:     It insulates you from electricity.
   rN:        It greatly protects you from negative energy.
   SInv:      It lets you see invisible.
Wands
 i - a wand of acid (8)
Scrolls
 h - 3 scrolls of amnesia
 o - 9 scrolls of identify
 q - 2 scrolls of fog
 u - 5 scrolls of fear
Potions
 d - a potion of invisibility
 e - 11 potions of curing
 g - 9 potions of magic
 k - 11 potions of heal wounds
 p - 3 potions of brilliance
 t - 2 potions of lignification
 A - a potion of might
Miscellaneous
 b - a piece from Xom's chessboard (15/15)
 c - the horn of Geryon
 z - a box of beasts


   Skills:
 O Level 27 Fighting
 O Level 27 Staves
 O Level 27 Throwing
 O Level 27 Armour
 O Level 27 Dodging
 O Level 27 Shields
 O Level 27 Spellcasting
 + Level 20.8 Conjurations
 O Level 27 Necromancy
 - Level 10.0 Invocations
 O Level 27 Evocations


You had 77 spell levels left.
You didn't know any spells.
Your spell library contained the following spells:

 Spells                   Type           Power      Damage    Failure   Level
 Shock                    Conj/Air       100%       1d9       1%          1
 Airstrike                Air            6%         N/A       69%         4
 Swiftness                Air            Unusable   N/A       N/A         3

Dungeon Overview and Level Annotations

Branches:
Dungeon (1/1)

Altars:
Cheibriados
Dithmenos
Elyvilon
Fedhas
Gozag
Hepliaklqana
Kikubaaqudgha
Makhleb
Nemelex Xobeh
Okawaru
Qazlal
Ru
Sif Muna
Trog
Uskayaw
Vehumet
Wu Jian
Xom
Yredelemnul
Zin
The Shining One
Beogh
Jiyva
Lugonu

Shops:
D :*[*

Annotations:
D Asmodeus, Cerebov, Ereshkigal


Innate Abilities, Weirdness & Mutations

You cannot be hasted, slowed, berserked, paralysed or teleported.
You can dig through walls and to a lower floor.
You have a pair of large antennae on your head. (SInv)
Your four strong arms can wield two-handed weapons with a shield.
You are dopey. (Int -2)
You evolve.


Message History

You slash Asmodeus!
Asmodeus's magic leaks into the air.
Asmodeus is almost dead.
Asmodeus falters for a moment.
The hellion gestures at you.
The sphere of damnation explodes!
The damnation engulfs you!!
* * * LOW HITPOINT WARNING * * *
The damnation engulfs Asmodeus.
Asmodeus completely resists.
Press: ? - help, v - describe, . - travel
Here: Asmodeus, wielding the +7 sceptre of Asmodeus (silenced, almost dead, surrounded by flames)
An open door.
Unknown command.
You slice Asmodeus like a ripe choko!!!
Asmodeus's magic leaks into the air.
Asmodeus is almost dead.
You are engulfed in blazing flames.
You resist.
You feel sick.
Ereshkigal gestures.
You slash Asmodeus!
Asmodeus's magic leaks into the air.
Asmodeus is almost dead.
You are engulfed in blazing flames.
You resist.
* * * LOW HITPOINT WARNING * * *
The hellion gestures at you.
The sphere of damnation explodes!
The damnation engulfs you!
* * * LOW HITPOINT WARNING * * *
The damnation engulfs Asmodeus.
Asmodeus completely resists.
Cerebov gestures.
You barely miss Asmodeus.
Asmodeus is almost dead.
You are engulfed in blazing flames.
You resist.
Asmodeus falters for a moment.
Unknown command.
You barely miss Asmodeus.
Asmodeus is almost dead.
You are engulfed in blazing flames.
You resist.
* * * LOW HITPOINT WARNING * * *
You feel sick.
You feel much better.
You are engulfed in blazing flames.
You resist.
* * * LOW HITPOINT WARNING * * *
You feel sick. Cerebov gestures at you.
A raging storm of fire appears!
The great blast of fire engulfs you!! You partially resist.
You die...

)▓.▓.▓.▓)▓.▓.▓.▓.▓
.▓.▓)▓.▓.▓.▓.▓.▓.▓
.▓.▓)▓.▓)▓.▓.▓.▓.▓
.▓.▓[▓.▓.▓.▓'▓.▓.▓
.▓.▓[▓.▓)▓.▓.▓.▓.▓
.▓.▓[▓.▓(▓.▓.▓.▓.▓
.▓.▓.▓.▓'▓.▓.▓.▓.▓
'▓.▓.▓.▓(▓.▓.▓.▓'▓
[▓.▓.▓.▓.▓.▓.▓.▓@▓
)▓.▓.▓.▓.▓.▓)▓.▓&▓
.▓.▓.▓.▓)▓.▓.▓.▓&▓
.▓.▓.▓.▓.▓.▓.▓.▓&▓
.▓.▓.▓.▓.▓.▓.▓.▓2▓
.▓.▓.▓.▓.▓.▓'▓.▓1▓
.▓.▓)▓.▓.▓.▓÷▓.▓2▓
.▓.▓.▓.▓.▓.▓.▓.▓(▓
.▓.▓.▓.▓.▓.▓.▓.▓


You could see Cerebov (fast), Asmodeus (clouds), Ereshkigal (silencing), a
Brimstone Fiend (summoned), a balrug (summoned) and a hellion (summoned).

Vanquished Creatures
  the Royal Jelly (D)
  Gloorx Vloq (D)
  4 orbs of fire (D)
  Mara (D)
  5 ancient liches (D)
  A juggernaut (D)
  Sojobo (D)
  6 royal mummies (D)
  Boris (D)
  A Killer Klown (D)
  Margery (D)
  3 golden dragons (D)
  Geryon (D)
  Jory (D)
  A bone dragon (D)
  An electric golem (D)
  2 tentacled monstrosities (D)
  27 Orb Guardians (D)
  4 liches (D)
  3 quicksilver dragons (D)
  3 deep elf blademasters (D)
  3 deep elf master archers (D)
  A titan (D)
  4 death cobs (D)
  12 sphinxes (D)
  10 acid blobs (D)
  Frances (D)
  Agnes (D)
  3 tengu reavers (D)
  2 storm dragons (D)
  Ilsuiw (D)
  8 rockslimes (D)
  11 shadow dragons (D)
  A draconian monk (D)
  4 azure jellies (D)
  6 nagarajas (D)
  2 fenstrider witches (D)
  3 draconian scorchers (D)
  A deep elf sorcerer (D)
  4 frost giants (D)
  3 draconian knights (D)
  5 emperor scorpions (D)
  4 ghost moths (D)
  Louise (D)
  2 vault wardens (D)
  5 ironbound preservers (D)
  A draconian stormcaller (D)
  A quicksilver ooze (D)
  A draconian shifter (D)
  5 very ugly things (D)
  A draconian annihilator (D)
  6 stone giants (D)
  Nessos (D)
  11 vampire knights (D)
  A starcursed mass (D)
  A purple draconian (D)
  3 green draconians (D)
  5 white draconians (D)
  2 bunyips (D)
  3 deep elf demonologists (D)
  5 yellow draconians (D)
  A deep elf annihilator (D)
  2 entropy weavers (D)
  3 red draconians (D)
  A spark wasp (D)
  2 mummy priests (D)
  3 merfolk javelineers (D)
  A deep elf death mage (D)
  An eleionoma (D)
  An ettin (D)
  3 fire dragons (D)
  2 deep elf high priests (D)
  6 ice dragons (D)
  2 yaktaur captains (D)
  Josephine (D)
  6 merfolk impalers (D)
  25 vault guards (D)
  7 hydras (D)
  2 naga warriors (D)
  A boulder beetle (D)
  2 centaur warriors (D)
  2 catoblepae (D)
  A merfolk avatar (D)
  3 merfolk aquamancers (D)
  Erica (D)
  A two-headed ogre (D)
  A tengu warrior (D)
  A dancing weapon (D)
  An alligator (D)
  A vampire mage (D)
  7 orc high priests (D)
  2 deep troll earth magi (D)
  2 death yaks (D)
  Urug (D)
  A shock serpent (D)
  Sonja (D)
  A wretched star (D)
  5 hell knights (D)
  Nergalle (D)
  A sea snake (D)
  9 swamp dragons (D)
  A spriggan druid (D)
  5 ironbound convokers (D)
  A glowing orange brain (D)
  3 orc knights (D)
  A necromancer (D)
  3 wizards (D)
  A deep elf pyromancer (D)
  An orb spider (D)
  2 wolf spiders (D)
  An orc sorcerer (D)
  4 ugly things (D)
  2 manticores (D)
  A large abomination (D)
  A cyclops (D)
  3 will-o-the-wisps (D)
  2 merfolk sirens (D)
  11 moths of wrath (D)
  4 naga magi (D)
  3 guardian serpents (D)
  A smoke demon (D)
  A gargoyle (D)
  2 vault sentinels (D)
  4 black mambas (D)
  2 cane toads (D)
  An unseen horror (D)
  3 demonic crawlers (D)
  2 rime drakes (D)
  3 tengu conjurers (D)
  A freezing wraith (D)
  A red devil (D)
  20 guardian mummies (D)
  A wandering mushroom (D)
  A merfolk (shapeshifter) (D)
  2 merfolk (D)
  A troll (D)
  A meliai (D)
  3 jumping spiders (D)
  A polar bear (D)
  A hornet (D)
  A raiju (D)
  A dream sheep (shapeshifter) (D)
  A slime creature (D)
  11 spriggans (D)
  3 redbacks (D)
  A water elemental (D)
  A wyvern (D)
  7 wraiths (D)
  6 yaks (D)
  A human (shapeshifter) (D)
  3 basilisks (D)
  A golden eye (D)
  2 nagas (D)
  An acid dragon (D)
  3 water moccasins (D)
  3 floating eyes (D)
  11 orc warriors (D)
  An ice beast (D)
  A swamp drake (D)
  A centaur (D)
  2 bullfrogs (D)
  A small abomination (D)
  A howler monkey (D)
  12 orc priests (D)
  2 orc wizards (D)
  2 gnolls (D)
  An adder skeleton (D)
  5 orcs (D)
  An endoplasm (D)
  A goblin (D)
  A hobgoblin (D)
  A ball python zombie (D)
  A frilled lizard (D)
  A rat (D)
  A lurking horror (D)
524 creatures vanquished.

Vanquished Creatures (others)
  3 foxfires (D)
3 creatures vanquished.

Grand Total: 527 creatures vanquished

Notes
Turn   | Place    | Note
-------+----------+-------------------------------------------
     0 | D        | Arum the Formicid Fighter began the quest for the Orb.
     0 | D        | Reached XP level 1. HP: 18/18 MP: 1/1
   105 | D        | Noticed an ice beast
   109 | D        | Reached XP level 2. HP: 25/25 MP: 2/2
   118 | D        | Killed an ice beast
   119 | D        | Reached skill level 5 in Fighting
   119 | D        | Reached skill level 5 in Armour
   119 | D        | Reached XP level 3. HP: 27/34 MP: 3/3
   119 | D        | Reached XP level 4. HP: 31/40 MP: 4/4
   119 | D        | Reached XP level 5. HP: 36/46 MP: 5/5
   122 | D        | Reached skill level 5 in Staves
   135 | D        | Found a snail-covered altar of Cheibriados.
   135 | D        | Found a shadowy altar of Dithmenos.
   135 | D        | Found a white marble altar of Elyvilon.
   135 | D        | Found a blossoming altar of Fedhas.
   135 | D        | Found an opulent altar of Gozag.
   136 | D        | Found a hazy altar of Hepliaklqana.
   137 | D        | Found a viscous altar of Jiyva.
   138 | D        | Found an ancient bone altar of Kikubaaqudgha.
   139 | D        | Found a corrupted altar of Lugonu.
   140 | D        | Found a burning altar of Makhleb.
   141 | D        | Found a sparkling altar of Nemelex Xobeh.
   142 | D        | Found an iron altar of Okawaru.
   143 | D        | Found a stormy altar of Qazlal.
   144 | D        | Found a sacrificial altar of Ru.
   145 | D        | Found a shimmering blue altar of Sif Muna.
   146 | D        | Found a bloodstained altar of Trog.
   147 | D        | Found a hide-covered altar of Uskayaw.
   148 | D        | Found a radiant altar of Vehumet.
   149 | D        | Found an ornate altar of the Wu Jian Council.
   150 | D        | Became a worshipper of Warmaster Okawaru
   151 | D        | Found a shimmering altar of Xom.
   152 | D        | Found a basalt altar of Yredelemnul.
   153 | D        | Found a glowing silver altar of Zin.
   154 | D        | Found a glowing golden altar of the Shining One.
   207 | D        | Noticed a wraith
   207 | D        | Noticed a two-headed ogre
   207 | D        | Noticed a gargoyle
   207 | D        | Noticed an unseen horror
   211 | D        | Killed a gargoyle
   211 | D        | Reached * piety under Okawaru
   212 | D        | Reached XP level 6. HP: 48/57 MP: 6/6
   212 | D        | Reached XP level 7. HP: 53/63 MP: 7/7
   212 | D        | Killed a wraith
   215 | D        | Killed a two-headed ogre
   215 | D        | Reached ** piety under Okawaru
   215 | D        | Reached *** piety under Okawaru
   216 | D        | Reached skill level 10 in Staves
   216 | D        | Reached XP level 8. HP: 40/75 MP: 8/8
   219 | D        | Killed an unseen horror
   220 | D        | Reached XP level 9. HP: 41/81 MP: 9/9
   400 | D        | Noticed a troll
   400 | D        | Noticed a centaur warrior
   400 | D        | Noticed a five-headed hydra
   400 | D        | Noticed a deep elf pyromancer
   406 | D        | Killed a troll
   423 | D        | Killed a centaur warrior
   423 | D        | Reached **** piety under Okawaru
   424 | D        | Reached skill level 5 in Invocations
   431 | D        | Killed a deep elf pyromancer
   432 | D        | Reached XP level 10. HP: 50/91 MP: 10/14
   444 | D        | Killed a five-headed hydra
   444 | D        | Reached ***** piety under Okawaru
   634 | D        | Noticed an eight-headed hydra
   634 | D        | Noticed a cane toad
   634 | D        | Noticed a six-headed hydra
   648 | D        | Killed an eight-headed hydra
   648 | D        | Identified the +8 plate armour of Icoenocs {Fly rC- rN++
                  | Will+} (Okawaru gifted it to you in the Dungeon)
   648 | D        | Received a gift from Okawaru
   649 | D        | Noticed a cane toad
   650 | D        | Killed a cane toad
   659 | D        | Killed a six-headed hydra
   660 | D        | Reached XP level 11. HP: 77/101 MP: 9/17
   800 | D        | Noticed a four-headed hydra
   815 | D        | Reached skill level 15 in Fighting
   815 | D        | Reached skill level 15 in Armour
   825 | D        | Killed a four-headed hydra
   845 | D        | Noticed a death yak
   845 | D        | Noticed a catoblepas
   845 | D        | Noticed a catoblepas
   846 | D        | Noticed a death yak
   853 | D        | Killed a death yak
   853 | D        | Received a gift from Okawaru
   859 | D        | Killed a catoblepas
   877 | D        | Killed a catoblepas
   878 | D        | Reached skill level 15 in Staves
   905 | D        | Killed a death yak
   913 | D        | Reached XP level 12. HP: 57/113 MP: 16/18
  1144 | D        | Noticed Sonja
  1157 | D        | Killed Sonja
  1157 | D        | Identified the +11 longbow of Battle {vorpal, Int+5}
                  | (Okawaru gifted it to you in the Dungeon)
  1157 | D        | Received a gift from Okawaru
  1768 | D        | Found Vunatz's Book Emporium.
  1768 | D        | Noticed an orc high priest
  1768 | D        | Noticed an orc high priest
  1768 | D        | Noticed an orc high priest
  1775 | D        | Killed an orc high priest
  1776 | D        | Found Ryoc's General Store.
  1779 | D        | Noticed an orc high priest
  1787 | D        | Killed an orc high priest
  1788 | D        | Found Ydoapaq's Antique Armour Emporium.
  1789 | D        | Noticed a sun demon
  1793 | D        | Killed an orc high priest
  1796 | D        | Found Iklimi's General Store.
  1796 | D        | Noticed an orc high priest
  1797 | D        | Noticed an orc high priest
  1808 | D        | Killed an orc high priest
  1816 | D        | Killed an orc high priest
  1816 | D        | Identified the +5 quarterstaff "Xalub" {flame, *Slow rF++
                  | Will+ Int+2} (Okawaru gifted it to you in the Dungeon)
  1816 | D        | Received a gift from Okawaru
  1820 | D        | Noticed an orc high priest
  1830 | D        | Killed an orc high priest
  1846 | D        | Killed an orc high priest
  2167 | D        | Bought a potion of cancellation for 104 gold pieces
  2167 | D        | Bought a potion of lignification for 39 gold pieces
  2169 | D        | Bought a glowing kite shield for 165 gold pieces
  2171 | D        | Bought a potion of lignification for 42 gold pieces
  2171 | D        | Bought a scroll of identify for 28 gold pieces
  2220 | D        | Noticed Josephine
  2242 | D        | Killed Josephine
  2243 | D        | Reached XP level 13. HP: 124/124 MP: 12/19
  2254 | D        | Noticed Urug
  2269 | D        | Killed Urug
  2446 | D        | Noticed a four-headed hydra
  2446 | D        | Noticed a boulder beetle
  2452 | D        | Killed a four-headed hydra
  2470 | D        | Killed a boulder beetle
  2470 | D        | Received a gift from Okawaru
  2476 | D        | Noticed a stone giant
  2493 | D        | Noticed a fire dragon
  2508 | D        | Noticed a lich
  2508 | D        | Noticed a fire dragon
  2516 | D        | Killed a stone giant
  2530 | D        | Received a gift from Okawaru
  2534 | D        | Reached ****** piety under Okawaru
  2549 | D        | Killed a lich
  2558 | D        | Killed a fire dragon
  2572 | D        | Killed a fire dragon
  2997 | D        | Noticed a ghost moth
  2997 | D        | Noticed an emperor scorpion
  3007 | D        | Killed a ghost moth
  3033 | D        | Killed an emperor scorpion
  3037 | D        | Identified the +9 quarterstaff "Orb Guardian's Foe"
                  | {vorpal, Str+6} (Okawaru gifted it to you in the Dungeon)
  3037 | D        | Received a gift from Okawaru
  3043 | D        | Reached XP level 14. HP: 131/136 MP: 2/20
  3167 | D        | Noticed a fenstrider witch
  3167 | D        | Noticed a fenstrider witch
  3167 | D        | Noticed a bunyip
  3181 | D        | Noticed a bunyip
  3189 | D        | Killed a fenstrider witch
  3196 | D        | Killed a fenstrider witch
  3196 | D        | Received a gift from Okawaru
  3207 | D        | Killed a bunyip
  3215 | D        | Killed a bunyip
  3481 | D        | Noticed Nergalle
  3492 | D        | Killed Nergalle
  3501 | D        | Noticed Erica
  3506 | D        | Killed Erica
  3517 | D        | Noticed Frances
  3529 | D        | Killed Frances
  3529 | D        | Identified the +7 quarterstaff of Capital Punishment
                  | {flame, Fragile rPois Int+7} (Okawaru gifted it to you in
                  | the Dungeon)
  3529 | D        | Received a gift from Okawaru
  3587 | D        | Noticed a tengu reaver
  3588 | D        | Noticed a stone giant
  3597 | D        | Noticed a shadow dragon
  3603 | D        | Killed a tengu reaver
  3618 | D        | Reached XP level 15. HP: 57/148 MP: 15/21
  3629 | D        | Killed a stone giant
  3630 | D        | Reached skill level 1 in Dodging
  3646 | D        | Killed a shadow dragon
  3648 | D        | Noticed a frost giant
  3654 | D        | Reached skill level 10 in Shields
  3661 | D        | Received a gift from Okawaru
  3673 | D        | Killed a frost giant
  3682 | D        | Noticed a green very ugly thing
  3684 | D        | Noticed a frost giant
  3690 | D        | Noticed a red very ugly thing
  3696 | D        | Reached skill level 5 in Dodging
  3709 | D        | Killed a green very ugly thing
  3723 | D        | Killed a frost giant
  3732 | D        | Killed a red very ugly thing
  4079 | D        | Noticed a vault warden
  4079 | D        | Noticed an ironbound preserver
  4080 | D        | Noticed an ironbound preserver
  4095 | D        | Killed a vault warden
  4096 | D        | Noticed an ironbound preserver
  4098 | D        | Noticed an ironbound preserver
  4102 | D        | Killed an ironbound preserver
  4105 | D        | Killed an ironbound preserver
  4117 | D        | Killed an ironbound preserver
  4122 | D        | Noticed a purple very ugly thing
  4126 | D        | Killed an ironbound preserver
  4127 | D        | Noticed a green very ugly thing
  4130 | D        | Received a gift from Okawaru
  4156 | D        | Killed a green very ugly thing
  4164 | D        | Killed a white very ugly thing
  4165 | D        | Noticed a vault warden
  4179 | D        | Noticed an Orb Guardian
  4182 | D        | Noticed a deep elf master archer
  4188 | D        | Killed an Orb Guardian
  4189 | D        | Reached XP level 16. HP: 122/160 MP: 22/22
  4195 | D        | Noticed a nagaraja
  4212 | D        | Killed a vault warden
  4213 | D        | Reached skill level 10 in Dodging
  4213 | D        | Reached skill level 15 in Shields
  4217 | D        | Noticed a frost giant
  4217 | D        | Noticed an Orb Guardian
  4221 | D        | Killed a deep elf master archer
  4221 | D        | Received a gift from Okawaru
  4224 | D        | Killed a nagaraja
  4231 | D        | Killed a frost giant
  4235 | D        | Killed an Orb Guardian
  4236 | D        | Noticed Ilsuiw
  4242 | D        | Killed Ilsuiw
  4784 | D        | Found the +3 pair of seven-league boots {Rampage+∞}
  4899 | D        | Noticed Margery
  4916 | D        | Killed Margery
  4916 | D        | Received a gift from Okawaru
  4927 | D        | Reached skill level 1 in Throwing
  4951 | D        | Noticed Nessos
  4953 | D        | Killed Nessos
  5317 | D        | Reached skill level 5 in Throwing
  5332 | D        | Got a decaying rune of Zot
  5370 | D        | Reached XP level 17. HP: 129/171 MP: 20/23
  5543 | D        | Got a barnacled rune of Zot
  5621 | D        | Received a gift from Okawaru
  5631 | D        | Received a gift from Okawaru
  5653 | D        | Received a gift from Okawaru
  5688 | D        | Got a serpentine rune of Zot
  5836 | D        | Reached skill level 10 in Throwing
  5867 | D        | Received a gift from Okawaru
  5868 | D        | Reached skill level 15 in Dodging
  5908 | D        | Got a gossamer rune of Zot
  6014 | D        | Noticed Sojobo
  6015 | D        | Noticed a tengu reaver
  6017 | D        | Noticed a tengu reaver
  6025 | D        | Killed Sojobo
  6025 | D        | Received a gift from Okawaru
  6026 | D        | Reached skill level 27 in Fighting
  6026 | D        | Reached skill level 27 in Armour
  6030 | D        | Killed a tengu reaver
  6035 | D        | Killed a tengu reaver
  6143 | D        | Noticed Agnes
  6149 | D        | Killed Agnes
  6149 | D        | Received a gift from Okawaru
  6166 | D        | Noticed Jory
  6182 | D        | Killed Jory
  6507 | D        | Received a gift from Okawaru
  6525 | D        | Reached XP level 18. HP: 182/182 MP: 17/24
  6528 | D        | Received a gift from Okawaru
  6608 | D        | Received a gift from Okawaru
  6609 | D        | Reached skill level 15 in Throwing
  6730 | D        | Noticed a lich
  6730 | D        | Noticed a golden dragon
  6739 | D        | Killed a lich
  6758 | D        | Killed a golden dragon
  6785 | D        | Identified the +0 chain mail of Decompression {Will+ Str+8}
  6948 | D        | Noticed a titan
  6948 | D        | Noticed an ancient lich
  6975 | D        | Killed an ancient lich
  6975 | D        | Received a gift from Okawaru
  6977 | D        | Noticed a lich
  6995 | D        | Killed a titan
  6995 | D        | Received a gift from Okawaru
  7026 | D        | Received a gift from Okawaru
  7027 | D        | Reached XP level 19. HP: 120/189 MP: 18/25
  7036 | D        | Killed a lich
  7071 | D        | Got a silver rune of Zot
  7266 | D        | Noticed Mara
  7283 | D        | Killed Mara
  7306 | D        | Got the ring of Dithmenos's Reproof {rElec Will+ Str+3
                  | Int+3}
  7308 | D        | Got the ring "Catemubb" {rC+ Will- Int+10 Dex+2}
  7310 | D        | Got the amulet "Komimn" {Faith rElec rC- rN+ Dex+2}
  7312 | D        | Got the ring "Vatrujawk" {MP+9 EV+3 Str+5 SInv}
  7314 | D        | Got the ring of Onosool {rElec rF- rN++ Slay+3 SInv}
  7328 | D        | Found the +15 Maxwell's patent armour {-Cast -Tele rElec
                  | Will+ rCorr}
  7478 | D        | Gained mutation: You occasionally shout uncontrollably at
                  | your foes. [potion of mutation]
  7478 | D        | Gained mutation: You evolve. [potion of mutation]
  7509 | D        | Noticed Louise
  7514 | D        | Killed Louise
  7543 | D        | Noticed Boris
  7553 | D        | Killed Boris
  7554 | D        | Reached skill level 27 in Shields
  7581 | D        | Noticed a juggernaut
  7599 | D        | Killed a juggernaut
  7679 | D        | Noticed a bone dragon
  7680 | D        | Noticed a golden dragon
  7701 | D        | Killed a bone dragon
  7722 | D        | Killed a golden dragon
  7731 | D        | Received a gift from Okawaru
  7815 | D        | Received a gift from Okawaru
  7843 | D        | Received a gift from Okawaru
  7894 | D        | Noticed a tentacled monstrosity
  7900 | D        | Reached skill level 1 in Evocations
  7904 | D        | Killed a tentacled monstrosity
  7917 | D        | Reached XP level 20. HP: 197/197 MP: 1/26
  7930 | D        | Reached skill level 5 in Evocations
  7936 | D        | Received a gift from Okawaru
  7990 | D        | Received a gift from Okawaru
  8007 | D        | Reached skill level 10 in Evocations
  8478 | D        | Noticed a tentacled monstrosity
  8483 | D        | Killed a tentacled monstrosity
  8483 | D        | Received a gift from Okawaru
  8484 | D        | Reached skill level 15 in Evocations
  8515 | D        | Reached XP level 21. HP: 197/204 MP: 5/27
  8522 | D        | Reached skill level 27 in Throwing
  8562 | D        | Noticed an ancient lich
  8571 | D        | Killed an ancient lich
  8572 | D        | Reached skill level 27 in Dodging
  8741 | D        | Noticed an orb of fire
  8741 | D        | Gained mutation: You are dopey. (Int -2) [an orb of fire]
  8747 | D        | Killed an orb of fire
  8750 | D        | Noticed an electric golem
  8755 | D        | Killed an electric golem
  8757 | D        | Noticed an ancient lich
  8757 | D        | Noticed an orb of fire
  8757 | D        | Noticed an ancient lich
  8761 | D        | Killed an ancient lich
  8771 | D        | Killed an orb of fire
  8771 | D        | Received a gift from Okawaru
  8772 | D        | Noticed an orb of fire
  8784 | D        | Killed an ancient lich
  8785 | D        | Reached skill level 27 in Staves
  8785 | D        | Noticed an ancient lich
  8788 | D        | Noticed a golden dragon
  8798 | D        | Noticed a Killer Klown
  8804 | D        | Noticed an orb of fire
  8817 | D        | Killed an orb of fire
  8824 | D        | Killed an ancient lich
  8836 | D        | Killed an orb of fire
  8836 | D        | Received a gift from Okawaru
  8837 | D        | Reached skill level 27 in Evocations
  8845 | D        | Reached skill level 10 in Invocations
  8854 | D        | Lost mutation: You occasionally shout uncontrollably at
                  | your foes. [evolution]
  8855 | D        | Killed a golden dragon
  8856 | D        | Reached skill level 10 in Spellcasting
  8860 | D        | Reached XP level 22. HP: 74/212 MP: 2/37
  8867 | D        | Killed a Killer Klown
  9288 | D        | Reached skill level 15 in Spellcasting
  9304 | D        | Received a gift from Okawaru
 12108 | D        | Reached skill level 5 in Necromancy
 12170 | D        | Reached skill level 10 in Necromancy
 12249 | D        | Received a gift from Okawaru
 12286 | D        | Reached skill level 15 in Necromancy
 12291 | D        | Got an elven rune of Zot
 12361 | D        | Received a gift from Okawaru
 12365 | D        | Received a gift from Okawaru
 12372 | D        | Noticed the Royal Jelly
 12379 | D        | Reached XP level 23. HP: 102/219 MP: 12/52
 12390 | D        | Received a gift from Okawaru
 12392 | D        | Killed the Royal Jelly
 12434 | D        | Reached skill level 27 in Spellcasting
 12839 | D        | Got a slimy rune of Zot
 12956 | D        | Identified the +0 chain mail of Ytull {rCorr} (Okawaru
                  | gifted it to you in the Dungeon)
 12956 | D        | Received a gift from Okawaru
 13223 | D        | Reached skill level 1 in Conjurations
 13625 | D        | Noticed a royal mummy
 13625 | D        | Noticed a royal mummy
 13625 | D        | Noticed a royal mummy
 13625 | D        | Noticed a royal mummy
 13628 | D        | Killed a royal mummy
 13633 | D        | Killed a royal mummy
 13633 | D        | Killed a royal mummy
 13634 | D        | Reached skill level 27 in Necromancy
 13634 | D        | Noticed a royal mummy
 13634 | D        | Noticed a royal mummy
 13634 | D        | Killed a royal mummy
 13646 | D        | Killed a royal mummy
 13647 | D        | Reached skill level 15 in Conjurations
 13652 | D        | Killed a royal mummy
 13652 | D        | Received a gift from Okawaru
 13653 | D        | Reached XP level 24. HP: 29/227 MP: 15/54
 14081 | D        | Got a golden rune of Zot
 14109 | D        | Got an abyssal rune of Zot
 14425 | D        | Noticed Geryon
 14444 | D        | Killed Geryon
 14469 | D        | Noticed Gloorx Vloq
 14469 | D        | Found the +7 sceptre of Asmodeus
 14469 | D        | Noticed Asmodeus
 14472 | D        | Noticed Ereshkigal
 14479 | D        | Found the +6 sword of Cerebov {flame}
 14479 | D        | Noticed Cerebov
 14481 | D        | Killed Gloorx Vloq
 14503 | D        | Killed from afar by Cerebov

Illustrated notes

Levels and vault maps discovered:
D:        linesprint [early_d, line_temple, items_1, d_10, items_2, lair_1,
          lair_end, items_3, orc_1, orc_end, items_4, d_15, swamp_1, shoals_1,
          snake_1, spider_1, d_20, vaults_1, items_5, swamp_end, shoals_end,
          snake_end, spider_end, vaults_end, d_27, items_6, zot_1, zot_end,
          crypt_end, forest_end, elf_end, slime_end, tomb_end, abyss_end,
          pan_hell_end]

Skill      XL: |  1  2  3  4  5  6  7  8  9 10 11 12 13 14 15 16 17 18 19 20 21 22 23 24 |
---------------+-------------------------------------------------------------------------+-----
Shields        | 4 6 9 14 18 21 26 27 | 27.0
Fighting       | 4 5 8 11 12 14 16 18 20 22 24 25 27 | 27.0
Armour         | 4 5 8 11 12 14 16 18 20 22 24 25 27 | 27.0
Staves         | 4 7 10 11 13 15 17 19 21 24 27 | 27.0
Invocations    | 6 8 10 | 10.0
Dodging        | 9 13 16 20 24 26 27 | 27.0
Throwing       | 6 13 19 24 26 27 | 27.0
Evocations     | 4 16 27 | 27.0
Spellcasting   | 11 25 27 | 27.0
Necromancy     | 17 27 | 27.0
Conjurations   | 17 20 | 20.8

Action                   |  1- 3 |  4- 6 |  7- 9 | 10-12 | 13-15 | 16-18 | 19-21 | 22-24 || total
-------------------------+-------+-------+-------+-------+-------+-------+-------+-------++-------
Melee: Quarterstaff      |    23 |    12 |    36 |   332 |   516 |   735 |    25 |       ||  1679
       Lajatang          |       |       |       |       |       |       |   531 |   461 ||   992
Throw: Dart              |       |       |       |       |     3 |       |       |       ||     3
       Javelin           |       |       |       |       |       |       |       |    30 ||    30
Invok: Heroism           |       |       |       |     9 |     9 |    10 |    10 |     1 ||    39
       Finesse           |       |       |       |     6 |     8 |    10 |    10 |    11 ||    45
Evoke: Wand              |       |     2 |       |       |       |       |       |       ||     2
       Piece from Xom's  |       |       |       |       |     4 |       |       |       ||     4
  Use: Potion            |     2 |       |       |       |     5 |     1 |     2 |     7 ||    17
       Scroll            |       |       |       |     4 |     2 |     2 |     4 |       ||    12
 Stab: Distracted        |       |       |       |       |     1 |       |       |       ||     1
Armor: Scale mail        |     6 |     2 |       |       |       |       |       |       ||     8
       Ring mail         |       |       |    18 |     9 |       |       |       |       ||    27
       Plate armour      |       |       |       |    39 |     2 |       |       |       ||    41
       Gold dragon scale |       |       |       |       |    55 |    90 |    38 |    33 ||   216
Dodge: Dodged            |     7 |     3 |     7 |    46 |    44 |    59 |    39 |    16 ||   221
Block: Kite shield       |    16 |     4 |    20 |    76 |   162 |   257 |     6 |       ||   541
       Reflection        |       |       |       |       |     4 |    13 |     1 |    10 ||    28
       Tower shield      |       |       |       |       |       |       |   219 |   201 ||   420
